 Seeded DCSS version 0.28.0-62-gf88900778d (webtiles) character file.

Game seed: 7855916756947724259 (custom seed)

1665 GilGalad the Skirmisher (level 8, -5/73 HPs)
             Began as a Minotaur Fighter on June 23, 2023.
             Engulfed by a cloud of freezing vapour (18 damage)
             ... on level 5 of the Dungeon.
             The game lasted 00:14:26 (5802 turns).

GilGalad the Skirmisher (Minotaur Fighter)          Turns: 5802, Time: 00:14:27

Health: -5/73      AC: 18    Str: 24    XL:     8   Next: 69%
Magic:  7/7        EV:  6    Int:  5    God:
Gold:   328        SH:  5    Dex:  9    Spells: 7/7 levels left

rFire   . . .      SeeInvis .   b - +3 flail (protect)
rCold   . . .      Faith    .   c - +0 buckler
rNeg    . . .      Spirit   .   w - +0 plate armour
rPois   .          Reflect  .   (helmet restricted)
rElec   .          Harm     .   D - +0 cloak
rCorr   .          Rampage  .   (no gloves)
Will    .....                   (no boots)
Stlth   ..........              (no amulet)
HPRegen 0.22/turn               j - +4 ring of protection
MPRegen 0.10/turn               (no ring)

@: studying Maces & Flails, unable to read
A: horns 2, retaliatory headbutt, inability to read while threatened
a: no special abilities


You were on level 5 of the Dungeon.
You visited 1 branch of the dungeon, and saw 5 of its levels.
You also visited: Sewer.

You collected 328 gold pieces.

Inventory:

Hand Weapons
 a - a +0 war axe
 b - a +3 flail of protection (weapon)
Missiles
 v - 2 throwing nets (quivered)
Armour
 c - a +0 buckler (worn)
 w - a +0 plate armour (worn)
 x - a +0 scale mail
 D - a +0 cloak (worn)
Jewellery
 j - a +4 ring of protection (left hand)
Wands
 u - a wand of digging (4)
 B - a wand of polymorph (14)
Scrolls
 e - 3 scrolls of magic mapping {unknown}
 f - a scroll of fog {unknown}
 g - 3 scrolls of teleportation {unknown}
 h - 2 scrolls of fear {unknown}
 m - a scroll of enchant weapon {unknown}
 q - a scroll of enchant armour {unknown}
 r - a scroll of brand weapon {unknown}
 s - a scroll of amnesia {unknown}
 t - 3 scrolls of identify {unknown}
 y - 2 scrolls of blinking {unknown}
 C - a scroll of immolation {unknown}
Potions
 d - 3 potions of might
 i - a potion of heal wounds
 k - a potion of flight {unknown}
 l - a potion of ambrosia {unknown}
 n - 3 potions of curing
 o - a potion of resistance {unknown}
 p - a potion of cancellation {unknown}
 z - a potion of mutation
 A - a potion of magic {unknown}


   Skills:
 + Level 7.6 Fighting
 + Level 7.0 Axes
 + Level 7.5 Armour
 + Level 7.5 Shields


You had 7 spell levels left.
You didn't know any spells.
Your spell library contained the following spells:

 Spells                   Type           Power      Damage    Failure   Level
 Animate Skeleton         Necr           0%         N/A       100%        1
 Pain                     Necr           0%         1d4       100%        1
 Portal Projectile        Hex/Tloc       0%         N/A       100%        3
 Vampiric Draining        Necr           0%         2d6       100%        3
 Blade Hands              Tmut           0%         N/A       100%        5
 Excruciating Wounds      Necr           0%         N/A       100%        5


Dungeon Overview and Level Annotations

Branches:
Dungeon (5/15)              Sewer (visited)
 Temple: D:4-7

Altars:

Shops:
D:1 *   D:2 ?   D:3 (*   D:5 *


Innate Abilities, Weirdness & Mutations

You have a pair of horns on your head.
You reflexively headbutt those who attack you in melee.
You sometimes lose the ability to read scrolls when taking damage.


Message History

You are engulfed in freezing vapours.
You are engulfed in freezing vapours.
You are engulfed in freezing vapours.
* * * LOW HITPOINT WARNING * * *
It was a potion of heal wounds.
You feel much better.
You are engulfed in freezing vapours.
You feel much better.
You are engulfed in freezing vapours.
It was a potion of mutation.
You feel extremely strange.
You lose the ability to read scrolls when threatened.
You are engulfed in freezing vapours.
You feel threatened and lose the ability to read scrolls!
It was a potion of curing.
You feel better.
You are engulfed in freezing vapours.
* * * LOW HITPOINT WARNING * * *
You can read scrolls again.
You see here 16 stones.
You now have 305 gold pieces (gained 15).
You now have 317 gold pieces (gained 12).
You now have 328 gold pieces (gained 11).
i - a potion of heal wounds You start resting.
HP restored.
Okay, then.
Aiming: Dig
Press: ? - help, Shift-Dir - straight line Digging in that direction won't affect any walls.
A translucent stone wall.
Okay, then.
Really walk into a travel-excluded area?
You see here 16 stones.
You are engulfed in freezing vapours.
You are engulfed in freezing vapours.
You are engulfed in freezing vapours.
You feel threatened and lose the ability to read scrolls!
You are engulfed in freezing vapours.
* * * LOW HITPOINT WARNING * * *
You are engulfed in freezing vapours.
* * * LOW HITPOINT WARNING * * *
You are engulfed in freezing vapours.
You die...

####### #### #.....####
[..# #########
###.###.>##.
...########..###### ##...#
##.##.
.))#....<...##.#.####..###
#.#..
#)<#.#########.#.'.##.##
##...# ##...#
##.#.#....######..###
##..## ##.#@#............#
#...#####
##(#☼#.##########.##
#.#.....######☼#☼#.# #..#
#.#####......#☼#☼#.# ##.#
#.# #......#☼#☼#.# #.# #.#
#.######☼#☼#.# #.# ..# #.#
##☼#☼### #.## .## #.#
##☼#☼## ########..# ..#
#.# ##☼#☼## #.......>..


There were no monsters in sight!

Vanquished Creatures
  Pikel (D:5)
  A wyvern (D:5)
  Menkaure (D:4)
  A water moccasin (D:4)
  An ogre (D:4)
  A lemure (D:5)
  Blork the orc (D:4)
  2 bullfrogs (Sewer)
  A gnoll sergeant (D:5)
  A scorpion (D:5)
  A bullfrog skeleton (D:5)
  3 iguanas (D:4)
  8 gnolls
  5 river rats (Sewer)
  14 adders
  A shadow imp (D:5)
  An ufetubus (D:5)
  2 worms (D:3)
  2 dart slugs (D:2)
  9 orcs
  21 ball pythons
  5 endoplasms
  2 giant cockroaches (D:2)
  6 goblins
  2 hobgoblins
  5 jackals
  A quokka (D:1)
  A bat (D:1)
  4 frilled lizards
  A kobold (D:1)
  25 rats
130 creatures vanquished.

Vanquished Creatures (others)
  An orc wizard (D:3)
1 creature vanquished.

Grand Total: 131 creatures vanquished

Notes
Turn   | Place    | Note
-------+----------+-------------------------------------------
     0 | D:1      | GilGalad the Minotaur Fighter began the quest for the Orb.
     0 | D:1      | Reached XP level 1. HP: 19/19 MP: 0/0
    87 | D:1      | Found Bughiw's General Store.
   289 | D:1      | Reached XP level 2. HP: 25/27 MP: 1/1
  1057 | D:2      | Found Wahi's Magic Scroll Emporium.
  1378 | D:2      | Reached XP level 3. HP: 33/33 MP: 2/2
  1505 | D:2      | Found a faded altar of an unknown god.
  1758 | D:3      | Reached XP level 4. HP: 38/41 MP: 3/3
  1780 | D:3      | Found Siclafre's Assorted Antiques.
  1890 | D:3      | Found Qaall's Weapon Emporium.
  1896 | D:3      | Found a glowing drain.
  1905 | Sewer    | Entered a sewer
  2039 | Sewer    | Reached XP level 5. HP: 39/47 MP: 4/4
  2375 | Sewer    | Reached skill level 5 in Fighting
  2377 | Sewer    | Reached skill level 5 in Armour
  2381 | Sewer    | Reached skill level 5 in Shields
  2381 | Sewer    | Reached XP level 6. HP: 47/56 MP: 5/5
  2931 | D:4      | Noticed Menkaure
  3100 | D:4      | Noticed a water moccasin
  3187 | D:4      | Noticed Blork the orc
  3195 | D:4      | Killed Blork the orc
  3227 | D:4      | Reached skill level 5 in Axes
  3227 | D:4      | Reached XP level 7. HP: 41/62 MP: 6/6
  3680 | D:4      | Killed Menkaure
  4174 | D:5      | Entered Level 5 of the Dungeon
  4232 | D:5      | Noticed a wyvern
  4244 | D:5      | Killed a wyvern
  4245 | D:5      | Reached XP level 8. HP: 35/71 MP: 7/7
  4450 | D:5      | Found Zuweideo's Neck Hole.
  4476 | D:5      | Noticed Pikel
  4494 | D:5      | Killed Pikel
  5481 | D:5      | Gained mutation: You sometimes lose the ability to read
                  | scrolls when taking damage. [potion of mutation]
  5802 | D:5      | Engulfed by a cloud of freezing vapour

Illustrated notes

Levels and vault maps discovered:
D:1:      amcnicky_arrival_single_pillar, layout_loops_ring, serial_shops,
          nicolae_diamond_shop
D:2:      layout_loops_corners, nicolae_ecumenical_snake_handling, serial_shops,
          shop_statue, kennysheep_minor_cross
D:3:      layout_rooms, cheibrodos_sewer_entry_drain, serial_shops, shop, shop,
          nrook_mini_backslash, nrook_mini_vaults, st_stairs_10,
          kennysheep_generic_room_9
D:4:      layout_basic, chequers_serial_rivers_small_b, grunt_ministairs_2,
          uniq_menkaure, uniq_blork_the_orc
D:5:      lemuel_ice_spiral_2, layout_rooms, nicolae_shop_sticking_my_neck_out,
          uniq_pikel

Skill      XL: |  1  2  3  4  5  6  7  8 |
---------------+-------------------------+-----
Fighting       | 4 5 6 7 |  7.6
Armour         | 4 5 6 7 |  7.5
Shields        | 4 5 6 7 |  7.5
Axes           | 3 4 5 6 7 |  7.0

Action                   |  1- 3 |  4- 6 |  7- 9 || total
-------------------------+-------+-------+-------++-------
Melee: War axe           |    71 |   171 |     7 ||   249
       Headbutt          |     7 |    19 |     9 ||    35
       Flail             |       |     5 |    84 ||    89
  Use: Potion            |       |       |     4 ||     4
Armor: Scale mail        |    41 |   127 |       ||   168
       Plate armour      |       |    12 |    59 ||    71
       Skin              |       |       |     8 ||     8
Dodge: Dodged            |    35 |    97 |    22 ||   154
Block: Buckler           |    16 |    50 |    19 ||    85
